 Dungeon Crawl Stone Soup version 0.31-a0-233-g139696dc86 (webtiles) character file.

Game seed: 12266943114051580090

8726 sakkuzi the Fighter (level 11, -14/107 HPs)
             Began as a Minotaur Berserker on July 9, 2023.
             Was an Elder of Trog.
             Demolished by a skeletal warrior
             ... wielding a +0 long sword
              (21 damage)
             ... on level 10 of the Dungeon on July 10, 2023.
             The game lasted 00:29:55 (11042 turns).

sakkuzi the Fighter (Minotaur Berserker)           Turns: 11042, Time: 00:29:56

Health: -14/107    AC: 16    Str: 29    XL:     11   Next: 13%
Magic:  10/10      EV: 11    Int:  4    God:    Trog [****..]
Gold:   533        SH:  0    Dex: 13    Spells: 10/10 levels left

rFire   . . .        c - +2 broad axe (drain)
rCold   . . .        (no shield)
rNeg    . . .        r - +1 plate armour
rPois   +            (helmet restricted)
rElec   .            H - +0 cloak {rPois}
rCorr   .            (no gloves)
SInv    .            (no boots)
Will    .....        j - amulet of the acrobat Stlth
                     m - +6 ring of strength
HPRegen 0.37/turn    (no ring)
MPRegen 0.12/turn

%: acrobat
@: about to teleport, on berserk cooldown, slowed, very slow
A: horns 2, retaliatory headbutt
a: Renounce Religion, Berserk, Trog's Hand, Brothers in Arms


You were on level 10 of the Dungeon.
You worshipped Trog.
Trog was greatly pleased with you.
You visited 1 branch of the dungeon, and saw 10 of its levels.

You collected 533 gold pieces.

Inventory:

Hand Weapons
 a - a +0 hand axe
 c - a +2 broad axe of draining (weapon)
 q - a +0 war axe
Missiles
 o - a throwing net
 B - 47 stones
Armour
 f - +1 steam dragon scales
 r - a +1 plate armour (worn)
 H - a +0 cloak of poison resistance (worn)
Jewellery
 j - an amulet of the acrobat (around neck)
 k - a ring of ice
 m - a +6 ring of strength (left hand)
 t - a ring of fire
 y - an amulet of guardian spirit
 C - an amulet of faith
 E - a ring of flight
 F - a ring of willpower
Wands
 l - a wand of flame (9)
 u - a wand of iceblast (9)
 z - a wand of light (5)
Scrolls
 d - 2 scrolls of teleportation
 e - 6 scrolls of fear
 g - 8 scrolls of noise
 i - 2 scrolls of identify
 n - a scroll of enchant armour
 A - a scroll of poison
 G - a scroll of brand weapon {unknown}
 I - a scroll of revelation
Potions
 b - a potion of brilliance
 h - 4 potions of curing
 p - a potion of cancellation
 s - a potion of ambrosia
 w - 3 potions of haste
 x - 3 potions of degeneration
 D - 2 potions of enlightenment
Miscellaneous
 v - a lightning rod (4/4)


   Skills:
 * Level 13.3 Fighting
 * Level 10.3 Axes
 + Level 9.6 Armour
 + Level 8.8 Dodging


You had 10 spell levels left.
You didn't know any spells.
Your spell library was empty.

Dungeon Overview and Level Annotations

Branches:
Dungeon (10/15)            Temple (0/1) D:4            Lair (0/5) D:8
    Orc (0/2) D:10

Altars:
Dithmenos
Fedhas
Gozag
Hepliaklqana
Ru
Vehumet
Wu Jian
Yredelemnul

Shops:
D:2 [   D:8 [:=   D:9 :[(*

Portals:
Trove: D:10 (give plate armour "Otuatoc")


Innate Abilities, Weirdness & Mutations

You have a pair of horns on your head.
You reflexively headbutt those who attack you in melee.


Message History

You closely miss the skeletal warrior.
Your headbutt misses the skeletal warrior.
You slice the skeletal warrior!!
The skeletal warrior is moderately damaged.
The skeletal warrior hits you but does no damage.
The skeletal warrior hits you from afar with a +0 glaive!!
You barely miss the skeletal warrior.
The skeletal warrior is moderately damaged.
The skeletal warrior hits you with a +0 long sword!
The skeletal warrior hits you from afar with a +0 glaive!
You hit the skeletal warrior but do no damage.
You headbutt the skeletal warrior!
The skeletal warrior is heavily damaged.
You barely miss the skeletal warrior.
The skeletal warrior is heavily damaged.
The skeletal warrior closely misses you.
The skeletal warrior hits you from afar with a +0 glaive.
You hit the skeletal warrior but do no damage.
The skeletal warrior is heavily damaged.
The skeletal warrior hits you with a +0 long sword!
The skeletal warrior hits you from afar with a +0 glaive!!
You barely miss the skeletal warrior.
Your headbutt misses the skeletal warrior.
The skeletal warrior is heavily damaged.
The skeletal warrior hits you but does no damage.
The skeletal warrior hits you from afar with a +0 glaive!
* * * LOW HITPOINT WARNING * * *
You feel a strong urge to attack something.
You are no longer berserk.
You are exhausted.
You feel yourself slow down.
Okay, then.
As you read the scroll of teleportation, it crumbles to dust.
You feel strangely unstable.
The skeletal warrior hits you with a +0 long sword!!
* * * LOW HITPOINT WARNING * * *
The skeletal warrior hits you but does no damage.
The skeletal warrior attacks as you move away!
The skeletal warrior hits you with a +0 long sword!!
You die...

#.# #.# #.# #.#
#.# ##########.##
#.# ............
#.# # ....###.###
#z# #.###.###...#
#z# #.........###
#z##.####.#######
#@##.............
#.#######.#######
#.# #.#### #.#
#....# #.#####
####.# #.....#
#.#
#####)######.#
#........#
#.######.#


You could see 3 skeletal warriors.

Vanquished Creatures
  Joseph (D:8)
  Maurice (D:10)
  Maggie (D:8)
  A guardian mummy (D:10)
  A troll (D:8)
  Grinder (D:3)
  A hornet (D:7)
  3 wraiths (D:10)
  2 shadows
  A wyvern (D:9)
  15 yaks
  3 vampire mosquitoes (D:10)
  2 water moccasins
  An orc warrior (D:8)
  2 ice beasts (D:6)
  A sky beast (D:6)
  2 black bears
  2 ogres (D:5)
  3 wolves (D:8)
  2 phantoms
  2 centaurs
  2 kobold brigands
  3 bullfrogs
  7 scorpions
  5 wights (D:9)
  3 howler monkeys
  A jelly (D:6)
  9 hounds
  An orc priest (D:4)
  2 sleepcaps (D:7)
  7 iguanas
  6 orc wizards
  6 adders
  3 gnolls (D:2)
  A shadow imp (D:7)
  3 ufetubi
  4 worms
  2 dart slugs
  19 orcs
  3 ball pythons
  5 bats
  7 endoplasms
  3 giant cockroaches
  9 goblins
  8 hobgoblins
  15 kobolds
  2 quokkas (D:3)
  5 frilled lizards
  6 rats
195 creatures vanquished.

Notes
Turn   | Place    | Note
-------+----------+-------------------------------------------
     0 | D:1      | sakkuzi the Minotaur Berserker began the quest for the Orb.
     0 | D:1      | Reached XP level 1. HP: 19/19 MP: 0/0
     6 | D:1      | Found a faded altar of an unknown god.
   124 | D:1      | Reached XP level 2. HP: 22/27 MP: 1/1
   418 | D:1      | Reached skill level 4 in Fighting
   753 | D:2      | Reached XP level 3. HP: 33/33 MP: 2/2
  1123 | D:2      | Reached XP level 4. HP: 41/41 MP: 3/3
  1156 | D:2      | Reached ** piety under Trog
  1403 | D:2      | Found Usicziy's Armour Shoppe.
  2348 | D:4      | Noticed Grinder
  2375 | D:4      | Paralysed by Grinder for 5 turns
  2385 | D:3      | Reached skill level 5 in Fighting
  2385 | D:3      | Reached XP level 5. HP: 15/48 MP: 4/4
  2402 | D:3      | Killed Grinder
  2403 | D:3      | Reached skill level 6 in Fighting
  2403 | D:3      | Reached skill level 5 in Axes
  2403 | D:3      | Reached XP level 6. HP: 15/57 MP: 5/5
  2669 | D:4      | Found a staircase to the Ecumenical Temple.
  3370 | D:4      | Reached XP level 7. HP: 55/64 MP: 6/6
  3771 | D:4      | Reached skill level 7 in Fighting
  3771 | D:4      | Reached skill level 5 in Armour
  3774 | D:4      | Found a blossoming altar of Fedhas.
  3801 | D:4      | Found an ornate altar of the Wu Jian Council.
  3805 | D:4      | Found a basalt altar of Yredelemnul.
  3988 | D:4      | Found a hazy altar of Hepliaklqana.
  3988 | D:4      | Found an opulent altar of Gozag.
  4014 | D:5      | Entered Level 5 of the Dungeon
  4360 | D:5      | Found a large runed translucent door.
  4364 | D:5      | Found a large runed translucent door.
  4472 | D:5      | Reached skill level 5 in Dodging
  4494 | D:5      | Reached *** piety under Trog
  4552 | D:5      | Reached XP level 8. HP: 60/74 MP: 7/7
  4618 | D:5      | Reached skill level 8 in Fighting
  4849 | D:5      | Found a radiant altar of Vehumet.
  4864 | D:5      | Found a shadowy altar of Dithmenos.
  4987 | D:6      | Identified the +0 leather armour of Claustrophobia {-Tele
                  | Int+3 Dex+2}
  5081 | D:6      | Reached skill level 9 in Fighting
  5332 | D:6      | Reached XP level 9. HP: 78/84 MP: 8/8
  6362 | D:7      | Paralysed by a hornet for 1 turns
  6366 | D:7      | Reached skill level 10 in Fighting
  6794 | D:7      | Found a sacrificial altar of Ru.
  7348 | D:8      | Noticed Joseph
  7355 | D:8      | Killed Joseph
  7431 | D:8      | Found a staircase to the Lair.
  7431 | D:8      | Noticed a troll
  7638 | D:7      | Reached skill level 11 in Fighting
  7875 | D:8      | Reached **** piety under Trog
  7990 | D:8      | Noticed Maggie
  7999 | D:8      | Killed Maggie
  8000 | D:8      | Reached XP level 10. HP: 96/96 MP: 9/9
  8309 | D:8      | Found Ylaadgh's Antique Armour Emporium.
  8310 | D:8      | Found Nusoes's Book Shoppe.
  8312 | D:8      | Found Gyilupob's Jewellery Emporium.
  8887 | D:9      | Found Umougusu's Armour Shop.
  8888 | D:9      | Found Elaonump's Book Shop.
  8893 | D:9      | Found Bonne's Assorted Antiques.
  8893 | D:9      | Found Zuptig's Weapon Shop.
  8953 | D:8      | Reached skill level 12 in Fighting
  9503 | D:9      | Reached skill level 13 in Fighting
  9754 | D:10     | Entered Level 10 of the Dungeon
  9944 | D:10     | Reached skill level 10 in Axes
  9944 | D:10     | Reached XP level 11. HP: 98/107 MP: 10/10
  9969 | D:10     | Found a staircase to the Orcish Mines.
 10663 | D:10     | Noticed Maurice
 10697 | D:10     | Killed Maurice
 10791 | D:10     | Found a portal to a secret trove of treasure.
 11024 | D:10     | Noticed a skeletal warrior
 11024 | D:10     | Noticed a skeletal warrior
 11024 | D:10     | Noticed a skeletal warrior
 11042 | D:10     | Demolished by a skeletal warrior

Illustrated notes

Levels and vault maps discovered:
D:1:      onia_arrival_handbag, layout_loops_ring,
          hellmonk_ecumenical_altar_arch_garden
D:2:      layout_loops_ring, serial_shops, shop
D:3:      layout_loops_ring, item_on_display_a
D:4:      nicolae_cairo_tiling, layout_layer_cave,
          gammafunk_temple_overflow_statue, minmay_overflow_temple_star_quad,
          minmay_hedge_maze, uniq_grinder
D:5:      layout_loops_cross, jmf_multi_god_temple2, kennysheep_big_empty_room
D:6:      layout_loops_corners, minmay_fractal_squares_diagonal_5
D:7:      layout_loops_cross, general_overflow_altar,
          nicolae_figureground_sparkle
D:8:      layout_loops_ring, erik_lair_island, nicolae_wooded_promenade,
          uniq_maggie, uniq_joseph
D:9:      layout_long_grid, minmay_shop_grid_forest, hive_lemuel
D:10:     layout_basic, nicolae_trove_entry_path_of_doom, uniq_maurice

Skill      XL: |  1  2  3  4  5  6  7  8  9 10 |
---------------+-------------------------------+-----
Axes           | 4 5 6 7 8 10 | 10.3
Fighting       | 4 5 6 7 9 11 13 | 13.3
Armour         | 3 4 5 6 8 9 |  9.6
Dodging        | 3 4 5 6 7 8 |  8.8

Action                     |  1- 3 |  4- 6 |  7- 9 | 10-12 || total
---------------------------+-------+-------+-------+-------++-------
  Melee: Hand axe          |    79 |    36 |       |       ||   115
         Headbutt          |    15 |    22 |    33 |    28 ||    98
         War axe           |       |    70 |   220 |       ||   290
         Punch             |       |     1 |     3 |     1 ||     5
         Broad axe         |       |       |       |   132 ||   132
 Invoke: Trog's Hand       |       |     1 |       |       ||     1
         Berserk           |       |       |     2 |     1 ||     3
    Use: Scroll            |       |       |    19 |     1 ||    20
         Potion            |       |       |     1 |       ||     1
 Armour: Animal skin       |    17 |     6 |       |       ||    23
         Plate armour      |       |    37 |   129 |    65 ||   231
         Chain mail        |       |     5 |       |       ||     5
  Dodge: Dodged            |    55 |    73 |   165 |    88 ||   381

Table legend: (Time is in decaauts)
 A = Elapsed time spent in this place.
 B = Non-inter-level travel time spent in this place.
 C = Inter-level travel time spent in this place.
 D = Time resting spent in this place.
 E = Time spent auto-exploring this place.
 F = Levels seen in this place.
 G = Mean time per level.
                   A        B        C        D        E       F      G
               +--------+--------+--------+--------+--------+-----+--------+
         Total |  11156 |  11152 |      4 |   1729 |   5867 |  10 | 1115.6 |
       Dungeon |  11156 |  11152 |      4 |   1729 |   5867 |  10 | 1115.6 |
               +--------+--------+--------+--------+--------+-----+--------+

Top non-repeatable levels by time:
     D:4: 1517 daAuts
     D:6: 1368 daAuts
    D:10: 1307 daAuts
     D:7: 1304 daAuts
     D:8: 1230 daAuts
     D:9: 978 daAuts
     D:5: 919 daAuts
     D:2: 871 daAuts
     D:3: 843 daAuts
     D:1: 815 daAuts
